 Dungeon Crawl Stone Soup version 0.29-a0-1047-g7c58e119a4 (webtiles) character file.

Game seed: 15162593461010541189

19960 dduke234 the Bludgeoner (level 12, -20/115 HPs)
             Began as a Minotaur Monk on Aug 16, 2022.
             Was a High Priest of Vehumet.
             Demolished by an orc knight
             ... wielding a +2 vorpal broad axe
              (26 damage)
             ... on level 1 of the Orcish Mines on Aug 17, 2022.
             The game lasted 00:25:05 (9864 turns).

dduke234 the Bludgeoner (Minotaur Monk)             Turns: 9864, Time: 00:25:05

Health: -20/115    AC: 25    Str: 34    XL:     12   Next: 41%
Magic:  11/11      EV: 11    Int:  7    God:    Vehumet [*****.]
Gold:   523        SH:  0    Dex: 26    Spells: 11/11 levels left

rFire   + . .      SeeInvis .   o - +11 mace of the Sixty-Six Portals {vorpal, rF+ rCorr Str+10}
rCold   . . .      Faith    .   (no shield)
rNeg    . . .      Spirit   .   m - +10 plate armour of the Tormentor {+Inv Fly Regen+ Dex+7}
rPois   .          Reflect  .   (helmet unavailable)
rElec   .          Harm     .   (no cloak)
rCorr   +          Rampage  .   (no gloves)
Will    .....      Rage     3%  (no boots)
Stlth   ..........              (no amulet)
HPRegen 1.09/turn               D - ring "Feruedau" {Fly Str+5 Dex+4 Slay+4}
MPRegen 0.12/turn               (no ring)

@: mighty, on berserk cooldown, flying, slowed, very slow
A: horns 3, retaliatory headbutt, talons 1, berserk 1
a: Renounce Religion, Evoke Invisibility


You were on level 1 of the Orcish Mines.
You worshipped Vehumet.
Vehumet was extremely pleased with you.
You visited 3 branches of the dungeon, and saw 12 of its levels.
You also visited: Sewer.

You collected 523 gold pieces.

Inventory:

Hand Weapons
 a - a +0 falchion of freezing
 o - the +11 mace of the Sixty-Six Portals (weapon) {vorpal, rF+ rCorr Str+10}
   (You found it on level 3 of the Dungeon)

   It inflicts extra damage upon your enemies.
   Str:       It affects your strength (+10).
   rF:        It protects you from fire.
   rCorr:     It protects you from acid and corrosion.
 w - the +10 great sword of Psychosis {drain, rPois rF+ Int-5 Dex+4}
   (You found it in a sewer)

   A truly terrible weapon, it drains the life of any living foe it strikes.
   Int:       It affects your intelligence (-5).
   Dex:       It affects your dexterity (+4).
   rF:        It protects you from fire.
   rPois:     It protects you from poison.
Missiles
 r - 3 throwing nets (quivered)
Armour
 b - a +0 robe
 d - a +0 scale mail
 h - a +0 ring mail
 m - the +10 plate armour of the Tormentor (worn) {+Inv Fly Regen+ Dex+7}
   (You found it on level 4 of the Dungeon)

   Dex:       It affects your dexterity (+7).
   +Inv:      It lets you turn invisible.
   Fly:       It grants you flight.
   Regen:     It increases your rate of health regeneration.
Jewellery
 k - a ring of magical power
 l - a ring of wizardry
 s - a ring of magical power
 C - a ring of protection from fire
 D - the ring "Feruedau" (left hand) {Fly Str+5 Dex+4 Slay+4}
   (You found it on level 9 of the Dungeon)

   [ring of slaying]

   Str:       It affects your strength (+5).
   Dex:       It affects your dexterity (+4).
   Slay:      It affects your accuracy & damage with ranged weapons and melee
   (+4).
   Fly:       It grants you flight.
 F - an amulet of magic regeneration
 G - an amulet of regeneration
 I - a +6 ring of dexterity
Wands
 p - a wand of digging (7)
 u - a wand of iceblast (17)
 y - a wand of flame (38)
 A - a wand of polymorph (5)
Scrolls
 e - 2 scrolls of blinking
 f - 3 scrolls of fog
 n - 2 scrolls of noise
 v - 2 scrolls of fear
 z - 4 scrolls of identify
 H - a scroll of amnesia {unknown}
Potions
 c - 3 potions of ambrosia
 g - 2 potions of flight
 i - 2 potions of degeneration
 q - 5 potions of curing
 t - 2 potions of brilliance
 B - a potion of haste
Miscellaneous
 E - a phantom mirror (inert)


   Skills:
 * Level 13.5 Fighting
 - Level 5.1 Long Blades
 * Level 16.4 Maces & Flails
 + Level 12.1 Armour
 - Level 3.2 Dodging
 - Level 1.6 Stealth


You had 11 spell levels left.
You didn't know any spells.
Your spell library contained the following spells:

 Spells                   Type           Power      Damage    Failure   Level
 Iskenderun's Mystic Bla  Conj/Tloc      0%         2d3       99%         4
 Poisonous Vapours        Pois/Air       0%         N/A       63%         2
 Static Discharge         Conj/Air       0%         3-3/arc   63%         2
 Ensorcelled Hibernation  Hex/Ice        0%         N/A       98%         2
 Sticky Flame             Conj/Fire      0%         2d3       99%         4
 Gell's Gravitas          Tloc           0%         N/A       100%        3
 Ozocubu's Armour         Ice            0%         N/A       100%        3
 Spider Form              Tmut/Pois      0%         N/A       100%        3
 Teleport Other           Tloc           0%         N/A       100%        3
 Anguish                  Hex/Necr       0%         N/A       100%        4
 Corpse Rot               Necr/Pois/Air  0%         N/A       100%        4
 Dispel Undead            Necr           0%         3d6       100%        4
 Metabolic Englaciation   Hex/Ice        0%         N/A       100%        5
 Dispersal                Tloc           0%         N/A       100%        6
 Simulacrum               Ice/Necr       0%         N/A       100%        6


Dungeon Overview and Level Annotations

Branches:
Dungeon (10/15)            Temple (1/1) D:5            Lair (0/5) D:10
    Orc (1/2) D:10          Sewer (visited)

Altars:
Ashenzari
Cheibriados
Dithmenos
Elyvilon
Fedhas
Gozag
Hepliaklqana
Kikubaaqudgha
Makhleb
Nemelex Xobeh
Okawaru
Qazlal
Ru
Sif Muna
Trog
Uskayaw
Vehumet
Wu Jian
Xom
Yredelemnul
Zin
The Shining One

Shops:
D:1 =   D:2 *   D:3 =   D:9 [


Innate Abilities, Weirdness & Mutations

You have a pair of large horns on your head.
You reflexively headbutt those who attack you in melee.
You have sharp toenails.
You sometimes lose your temper in combat.


Message History

The orc knight is severely wounded.
You hit the orc knight but do no damage.
You headbutt the orc knight!!
You kill the orc knight!
Vehumet accepts your kill. The orc hits you but does no damage.
The orc warrior closely misses you.
The orc knight hits you but does no damage.
There is an open translucent gate, spattered with blood here.
Items here: )) [[ †.
You feel a strong urge to attack something.
You are no longer berserk.
You are exhausted.
You feel yourself slow down. The orc hits you but does no damage.
The orc warrior misses you.
The orc knight hits you with a +0 battleaxe!
There is an open translucent gate, spattered with blood here.
You sock the orc knight! Your kick misses the orc knight.
The orc knight is lightly wounded.
The orc hits you but does no damage. The orc warrior closely misses you.
The orc knight hits you with a +2 vorpal broad axe!!
You completely miss the orc knight.
The orc knight is lightly wounded.
The orc hits you but does no damage. The orc warrior barely misses you.
You furiously retaliate!
You headbutt the orc warrior, but do no damage.
The orc high priest prays to Beogh.
The orc knight hits you but does no damage.
The orc knight hits you with a +0 battleaxe!
You feel very mighty all of a sudden. The orc knight closely misses you.
You furiously retaliate!
You headbutt the orc knight.
The orc high priest mumbles some strange prayers to Beogh.
The orc knight hits you with a +2 vorpal broad axe!
* * * LOW HITPOINT WARNING * * *
x2 The orc warrior misses you.
The orc hits you but does no damage.
The orc knight hits you with a +3 vorpal war axe!!
* * * LOW HITPOINT WARNING * * *
x2 The orc knight hits you but does no damage.
The orc knight hits you with a +2 vorpal broad axe!!
You die...

.).............
..........#....
.........####.#
......#..########
#.....#....##.#.##
.................########
........................#
.....#.##8......)o.....8#
.....##########o@o#######
.#...# #.....o.o4oo3.#
###.## #....#####oo..# #
### #.###..o..###.#
#.#8#..84.#8#.#
#.............#
#8...)[_[....8# #
######### ## #


You could see 3 orc knights, an orc high priest (strong), a hellwing (summoned),
a rust devil (summoned), a neqoxec (summoned), 2 orc warriors, 2 orc priests and
2 orcs.

Vanquished Creatures
  An orc warlord (Orc:1)
  The ghost of haplo13 the Severer, a journeyman MiFi of the Shining One (Orc:1)
  A two-headed ogre (D:6)
  A hydra (D:9)
  3 centaur warriors (D:9)
  A death yak (D:9)
  A cyclops (D:9)
  An orc knight (Orc:1)
  An orc sorcerer (Orc:1)
  A manticore (D:9)
  An elephant (D:10)
  An unseen horror (D:10)
  Maggie (D:9)
  2 meliai (D:9)
  A troll (D:10)
  An unseen horror simulacrum (D:9)
  34 yaks
  2 wraiths
  3 steam dragons
  6 vampire mosquitoes (D:10)
  3 acid dragons
  Edmund (D:6)
  4 water moccasins
  7 orc warriors
  2 black bears (D:10)
  6 ice beasts
  A sky beast (D:7)
  An ogre (Orc:1)
  2 wolves (D:9)
  2 centaurs
  A phantom (D:6)
  3 kobold brigands
  2 necrophages
  8 bullfrogs
  3 scorpions
  2 gnoll sergeants
  A wight (D:6)
  4 howler monkeys
  A gnoll bouda (D:10)
  4 jellies
  8 orc priests
  3 hounds
  4 iguanas
  10 orc wizards
  A killer bee simulacrum (D:9)
  7 adders
  19 gnolls
  3 river rats (D:7)
  A shadow imp (D:7)
  5 white imps
  A howler monkey simulacrum (D:9)
  3 ufetubi
  3 worms
  A dart slug (D:1)
  33 orcs
  5 endoplasms
  11 giant cockroaches
  4 hobgoblins
  2 jackals (D:2)
  17 kobolds
  10 quokkas
  6 ball pythons
  4 bats
  6 frilled lizards (Sewer)
  5 goblins
  6 rats
300 creatures vanquished.

Vanquished Creatures (collateral kills)
  An orc (Orc:1)
1 creature vanquished.

Vanquished Creatures (others)
  3 gnolls (D:7)
  39 plants
42 creatures vanquished.

Grand Total: 343 creatures vanquished

Notes
Turn   | Place    | Note
-------+----------+-------------------------------------------
     0 | D:1      | dduke234 the Minotaur Monk began the quest for the Orb.
     0 | D:1      | Reached XP level 1. HP: 19/19 MP: 0/0
   205 | D:1      | Found a faded altar of an unknown god.
   229 | D:1      | Reached skill level 1 in Armour
   236 | D:1      | Reached XP level 2. HP: 20/27 MP: 1/1
   336 | D:1      | Found Yneme's Jewellery Shoppe.
   678 | D:1      | Prayed at the altar of an unknown god.
   678 | D:1      | Became a worshipper of Vehumet
   678 | D:1      | Reached * piety under Vehumet
   678 | D:1      | Offered knowledge of Freeze by Vehumet.
   678 | D:1      | Reached ** piety under Vehumet
   826 | D:2      | Reached XP level 3. HP: 23/33 MP: 2/2
  1139 | D:2      | Offered knowledge of Scorch by Vehumet.
  1431 | D:2      | Reached *** piety under Vehumet
  1431 | D:2      | Offered knowledge of Frozen Ramparts by Vehumet.
  1727 | D:2      | Found Osututad's General Store.
  2289 | D:3      | Reached XP level 4. HP: 39/40 MP: 3/3
  2438 | D:3      | Reached skill level 5 in Long Blades
  2684 | D:3      | Offered knowledge of Sticky Flame by Vehumet.
  3014 | D:3      | Identified the +11 mace of the Sixty-Six Portals {vorpal,
                  | rF+ rCorr Str+10}
  3248 | D:3      | Found Dohup's One-of-a-Kind Rings.
  3481 | D:4      | Found a stormy altar of Qazlal.
  3500 | D:4      | Reached skill level 1 in Maces & Flails
  3509 | D:4      | Noticed a scorpion
  3513 | D:4      | Killed a scorpion
  3514 | D:4      | Reached XP level 5. HP: 47/47 MP: 4/4
  3580 | D:4      | Identified the +10 plate armour of the Tormentor {+Inv Fly
                  | Regen+ Dex+7}
  3729 | D:4      | Reached skill level 5 in Fighting
  3729 | D:4      | Reached skill level 2 in Maces & Flails
  3729 | D:4      | Reached XP level 6. HP: 56/56 MP: 5/5
  4143 | D:5      | Entered Level 5 of the Dungeon
  4211 | D:5      | Reached skill level 3 in Maces & Flails
  4231 | D:5      | Reached **** piety under Vehumet
  4322 | D:5      | Found a burning altar of Makhleb.
  4347 | D:5      | Reached skill level 4 in Maces & Flails
  4347 | D:5      | Reached skill level 5 in Armour
  4347 | D:5      | Reached XP level 7. HP: 61/61 MP: 6/6
  4388 | D:5      | Found a staircase to the Ecumenical Temple.
  4413 | Temple   | Entered the Ecumenical Temple
  4614 | D:5      | Found a glowing silver altar of Zin.
  4664 | D:5      | Reached skill level 5 in Maces & Flails
  4826 | D:6      | Found a glowing drain.
  4835 | Sewer    | Entered a sewer
  4892 | Sewer    | Offered knowledge of Fulminant Prism by Vehumet.
  4974 | Sewer    | Reached skill level 6 in Maces & Flails
  4982 | Sewer    | Identified the +10 great sword of Psychosis {drain, rPois
                  | rF+ Int-5 Dex+4}
  4986 | Sewer    | Reached XP level 8. HP: 71/71 MP: 7/7
  5199 | D:6      | Reached skill level 7 in Maces & Flails
  5227 | D:6      | Reached skill level 8 in Maces & Flails
  5242 | D:6      | Reached ***** piety under Vehumet
  5243 | D:6      | Noticed a two-headed ogre
  5251 | D:6      | Killed a two-headed ogre
  5252 | D:6      | Reached skill level 9 in Maces & Flails
  5252 | D:6      | Reached XP level 9. HP: 68/79 MP: 8/8
  5320 | D:6      | Reached skill level 10 in Maces & Flails
  5328 | D:6      | Noticed Edmund
  5332 | D:6      | Killed Edmund
  5332 | D:6      | Offered knowledge of Ozocubu's Refrigeration by Vehumet.
  5914 | D:7      | Reached skill level 11 in Maces & Flails
  6297 | D:7      | Reached skill level 12 in Maces & Flails
  7093 | D:8      | Reached XP level 10. HP: 88/90 MP: 9/9
  7777 | D:9      | Reached skill level 13 in Maces & Flails
  7969 | D:9      | Noticed a death yak
  7983 | D:9      | Killed a death yak
  8052 | D:9      | Reached skill level 14 in Maces & Flails
  8058 | D:9      | Reached skill level 10 in Fighting
  8058 | D:9      | Noticed a four-headed hydra
  8066 | D:9      | Noticed a centaur warrior
  8071 | D:9      | Killed a centaur warrior
  8081 | D:9      | Killed a four-headed hydra
  8082 | D:9      | Reached XP level 11. HP: 37/101 MP: 10/10
  8085 | D:9      | Offered knowledge of Iskenderun's Mystic Blast by Vehumet.
  8093 | D:9      | Identified the ring "Feruedau" {Fly Str+5 Dex+4 Slay+4}
  8151 | D:9      | Found Foophuyd's Armour Shop.
  8172 | D:9      | Found a basalt altar of Yredelemnul.
  8294 | D:9      | Reached skill level 10 in Armour
  8329 | D:9      | Found a broken altar of Ashenzari.
  8334 | D:9      | Reached skill level 15 in Maces & Flails
  8364 | D:9      | Noticed Maggie
  8375 | D:9      | Killed Maggie
  8713 | D:9      | Noticed a centaur warrior
  8723 | D:9      | Killed a centaur warrior
  8724 | D:9      | Noticed a centaur warrior
  8730 | D:9      | Killed a centaur warrior
  8944 | D:10     | Entered Level 10 of the Dungeon
  9072 | D:10     | Gained mutation: You have sharp toenails. [potion of
                  | mutation]
  9072 | D:10     | Gained mutation: You sometimes lose your temper in combat.
                  | [potion of mutation]
  9072 | D:10     | Gained mutation: You have a pair of large horns on your
                  | head. [potion of mutation]
  9122 | D:10     | Reached XP level 12. HP: 107/113 MP: 11/11
  9128 | D:10     | Reached skill level 16 in Maces & Flails
  9168 | D:10     | Found a staircase to the Orcish Mines.
  9196 | D:10     | Found a staircase to the Lair.
  9273 | D:10     | Found a shimmering altar of Xom.
  9313 | D:10     | Found an ornate altar of the Wu Jian Council.
  9698 | Orc:1    | Entered Level 1 of the Orcish Mines
  9771 | Orc:1    | Found a runed translucent gate.
  9771 | Orc:1    | Noticed haplo13's ghost (journeyman MiFi)
  9772 | Orc:1    | Found a runed translucent gate.
  9811 | Orc:1    | Identified the +1 plate armour of Hoecrepa {rElec Will+
                  | Dex+7}
  9811 | Orc:1    | Noticed an orc warlord
  9815 | Orc:1    | Found a runed translucent gate.
  9815 | Orc:1    | Noticed an orc high priest
  9847 | Orc:1    | Killed an orc warlord
  9854 | Orc:1    | Killed haplo13's ghost
  9864 | Orc:1    | Demolished by an orc knight

Illustrated notes

Levels and vault maps discovered:
D:1:      elethiomel_arrival_maze, layout_basic,
          shapermc_ecumenical_altar_flowoftime, serial_shops,
          nicolae_shop_statue_plus
D:2:      layout_basic, serial_shops, shop, guppyfry_early_lair_pool
D:3:      layout_loops_corners, grunt_decor_cap, grunt_decor_clamped,
          minmay_misc_feat_five, nicolae_shop_unique_rings
D:4:      layout_cave_pods, nicolae_qazlal_scattered_showers
D:5:      layout_basic, mainiacjoe_overflow_catwalk, overflow_temple_1_default,
          minmay_temple_entry_grid
D:6:      layout_loops_cross, portal_sewer_entry_d, serial_bayou_pond_c,
          minmay_bent, uniq_edmund
D:7:      wad_woods_settlement, layout_layer_cave,
          chequers_serial_rivers_micro_e
D:8:      layout_basic
D:9:      layout_irregular_city, nicolae_overflow_crystal_walls,
          yredelemnul_altar_generic, serial_shops, nicolae_diamond_shop,
          serial_ice, serial_ice_n, serial_ice_a, serial_ice_o, serial_ice_h,
          serial_ice_b, minmay_evil_grid, uniq_maggie
D:10:     layout_roguey, mainiacjoe_overflow_alcove_4, kennysheep_little_box,
          david_lair_generic, nicolae_benzene_ring
Temple:   regret_index_temple_waves
Orc:1:    layout_caves, biasface_ghost_orc_armoury, nicolae_specific_store

Skill      XL: |  1  2  3  4  5  6  7  8  9 10 11 12 |
---------------+-------------------------------------+-----
Armour         | 1 2 3 4 5 7 8 9 11 12 | 12.1
Fighting       | 4 5 6 7 8 10 12 13 | 13.5
Long Blades    | 4 5 |  5.1
Maces & Flails | 1 2 4 6 9 12 14 15 16 | 16.4
Dodging        | |  3.2
Stealth        | |  1.6

Action                   |  1- 3 |  4- 6 |  7- 9 | 10-12 || total
-------------------------+-------+-------+-------+-------++-------
Melee: Falchion          |    73 |    24 |       |       ||    97
       Headbutt          |     7 |    12 |    36 |    60 ||   115
       Punch             |     2 |       |     2 |     3 ||     7
       Mace              |       |    58 |   176 |   281 ||   515
       Kick              |       |       |       |    27 ||    27
Evoke: Phantom mirror    |       |       |       |     1 ||     1
  Use: Scroll            |     7 |     3 |     2 |       ||    12
       Potion            |     5 |     2 |     1 |     5 ||    13
 Stab: Distracted        |       |       |       |     1 ||     1
Armor: Scale mail        |    33 |       |       |       ||    33
       Ring mail         |       |     9 |       |       ||     9
       Plate armour      |       |    55 |   141 |   232 ||   428
Dodge: Dodged            |    37 |    62 |   104 |   177 ||   380

Table legend: (Time is in decaauts)
 A = Elapsed time spent in this place.
 B = Non-inter-level travel time spent in this place.
 C = Inter-level travel time spent in this place.
 D = Time resting spent in this place.
 E = Time spent auto-exploring this place.
 F = Levels seen in this place.
 G = Mean time per level.
                   A        B        C        D        E       F      G
               +--------+--------+--------+--------+--------+-----+--------+
         Total |   9807 |   9568 |    239 |      0 |   6989 |  13 |  754.4 |
       Dungeon |   9227 |   9003 |    224 |      0 |   6833 |  10 |  922.7 |
        Temple |    128 |    113 |     15 |      0 |     94 |   1 |  128.0 |
  Orcish Mines |    153 |    153 |      0 |      0 |     54 |   1 |  153.0 |
         Sewer |    298 |    298 |      0 |      0 |      8 |   1 |  298.0 |
               +--------+--------+--------+--------+--------+-----+--------+

Top non-repeatable levels by time:
     D:2: 1297 daAuts
     D:3: 1238 daAuts
     D:7: 1232 daAuts
     D:9: 1139 daAuts
     D:4: 842 daAuts
     D:1: 823 daAuts
    D:10: 745 daAuts
     D:8: 739 daAuts
     D:6: 712 daAuts
     D:5: 456 daAuts
   Sewer: 298 daAuts
   Orc:1: 153 daAuts
  Temple: 128 daAuts
